 Dungeon Crawl Stone Soup version 0.21.1-1-g345015f (webtiles) character file.

25250 troglodite the Fighter (level 12, -12/100 HPs)
             Began as a Demonspawn Berserker on Feb 22, 2018.
             Was a High Priest of Trog.
             Killed from afar by Azrael (43 damage)
             ... with damnation
             ... on level 13 of the Dungeon.
             The game lasted 00:48:43 (15434 turns).

troglodite the Fighter (Demonspawn Berserker)      Turns: 15434, Time: 00:48:43

Health: -12/100    AC: 16    Str: 18    XL:     12   Next: 87%
Magic:  12/12      EV: 16    Int:  9    God:    Trog [*****.]
Gold:   668        SH:  6    Dex: 17    Spells: 11/11 levels left

rFire    + . .     SeeInvis .   C - +6 short sword (vamp)
rCold    . . .     Gourm    .   x - +0 buckler
rNeg     . . .     Faith    .   H - +2 ring mail {rF+}
rPois    .         Spirit   .   (helmet restricted)
rElec    .         Reflect  .   b - +0 cloak
rCorr    .         Harm     .   F - +0 pair of gloves
MR       .....                  z - +0 pair of boots
Stlth    ++++......             G - amulet of regeneration
HPRegen  0.66/turn              v - ring of stealth
MPRegen  0.13/turn              (no ring)

@: berserk cooldown, slowed, very slow
A: horns 1, iridescent scales 2, foul stench 1, rot immunity
a: Berserk, Trog's Hand, Brothers in Arms, Burn Spellbooks, Renounce Religion


You were on level 13 of the Dungeon.
You worshipped Trog.
Trog was extremely pleased with you.
You were not hungry.

You visited 1 branch of the dungeon, and saw 14 of its levels.
You also visited: Sewer.

You collected 668 gold pieces.

Inventory:

Hand Weapons
 C - a +6 vampiric short sword (weapon)
 E - a +1 scimitar of electrocution
Armour
 b - a +0 cloak (worn)
 x - a +0 buckler (worn)
 z - a +0 pair of boots (worn)
 F - a +0 pair of gloves (worn)
 H - a +2 ring mail of fire resistance (worn)
Jewellery
 v - a ring of stealth (left hand)
 G - an amulet of regeneration (around neck)
 K - an uncursed amulet of faith
Wands
 k - a wand of iceblast (28)
 n - a wand of acid (14)
 r - a wand of random effects (19)
 w - a wand of digging (10)
 y - a wand of enslavement (12)
 A - a wand of polymorph (2)
 I - a wand of disintegration (8)
Scrolls
 a - a scroll of identify
 d - 2 scrolls of remove curse
 e - 3 scrolls of fog
 f - 7 scrolls of teleportation
 j - 3 scrolls of magic mapping
 q - 2 scrolls of fear
 D - a scroll of brand weapon
Potions
 g - 3 potions of heal wounds
 h - 3 potions of haste
 i - 2 potions of lignification
 l - a potion of magic
 m - 3 potions of might
 o - 2 potions of flight
 p - a potion of resistance
 s - 5 potions of invisibility
 B - 3 potions of curing
Comestibles
 c - 14 rations


   Skills:
 * Level 11.5 Fighting
 + Level 9.7(10.5) Short Blades
 + Level 6.5(9.0) Long Blades
 + Level 7.8 Armour
 + Level 7.7 Dodging
 + Level 6.0 Stealth
 * Level 5.5 Shields


You had 11 spell levels left.
You didn't know any spells.

Dungeon Overview and Level Annotations

Branches:
Dungeon (14/15)            Temple (0/1) D:6            Lair (0/6) D:11
    Orc (0/2) D:11
 Vaults: D:13-14

Altars:
Ashenzari
Dithmenos
Fedhas
Gozag
Hepliaklqana
Kikubaaqudgha
Makhleb
Nemelex Xobeh
Okawaru
Sif Muna
Trog
Uskayaw
Xom
Yredelemnul

Shops:
D:4 ?   D:7 !   D:9 [

Annotations:
D:13 Azrael


Innate Abilities, Weirdness & Mutations

You have a pair of small horns on your head.
You are mostly covered in iridescent scales. (AC +4)
You may emit foul miasma when damaged in melee.
You are immune to rotting.


Message History

Your ogre hits Azrael with a giant spiked club!!
Azrael hits you but does no damage.
Your ogre hits Azrael with a giant spiked club.
Your ogre barely misses Azrael.
Azrael hits your ogre with a scimitar of flaming!
Azrael burns your ogre.
Your ogre dies!
Your ogre's corpse disappears in a puff of smoke!
Really walk into that teleport trap?
You enter a teleport trap!
The teleport trap disappears.
Your surroundings suddenly seem different.
You're too hungry to rest.
You're too hungry to rest.
You're too hungry to rest.
You're too hungry to rest.
You're too hungry to rest.
You eat one of the 15 rations.
That ration really hit the spot!
Azrael gestures at you.
The sphere of damnation explodes!
The damnation engulfs you!
You die...

...## #.## #.# ##.## #§# ###.##
....######§###### #....#
....'..##..R....# #....#
....##..'.......# #....###
....#####.......# #####......#
....# #.......#####........#.#
....# #.......#.....###....#.##
....# #.......@.##### #....#...
....# #.......### #....#### '####
######+## ###.## .## ##.# #..###
..# ##..# ##...# #.# #..##
#########.## #.###
####.#########..........# ....#
#.........#.............#
....#####.........#.##..........#


You could see Azrael.

Vanquished Creatures
  Nessos (D:12)
  Josephine (D:12)
  3 centaur warriors
  5 two-headed ogres
  Urug (D:13)
  The ghost of anp the Martial Artist, a novice GnTm of Gozag (D:8)
  An orange crystal statue (D:11)
  The ghost of Curus the Cleaver, a novice HOAK of Lugonu (D:7)
  A cyclops (D:13)
  A deep elf mage (D:12)
  A centaur zombie (D:12)
  2 komodo dragons (D:12)
  4 trolls
  The ghost of inc the Nimble, a novice FeEn of Gozag (D:10)
  5 slime creatures (D:12)
  3 hippogriffs
  A spriggan (D:7)
  Sigmund (D:7)
  3 wraiths (D:12)
  9 yaks
  A fire elemental (D:14)
  A wyvern (D:8)
  4 vampire mosquitoes
  3 hungry ghosts
  Menkaure (D:4)
  Edmund (D:7)
  2 wargs (D:11)
  An acid dragon (D:13)
  2 hell hounds (D:14)
  Duvessa (D:4)
  2 sky beasts
  3 ice beasts
  3 black bears
  4 ogres
  3 orc warriors
  A phantom (D:12)
  15 centaurs
  7 big kobolds
  Blork the orc (D:4)
  10 bullfrogs
  2 gnoll sergeants
  2 wyvern skeletons
  4 scorpions
  Dowan (D:4)
  12 killer bees
  27 wights
  2 howler monkeys
  8 crimson imps
  3 bullfrog zombies
  7 hounds
  6 orc priests
  A gnoll shaman (D:7)
  2 jellies
  4 bullfrog skeletons
  2 centaur skeletons
  Ijyb (D:4)
  10 orc wizards
  Natasha (thrice) (D:4)
  An iguana (D:11)
  9 worker ants
  A hound skeleton (D:3)
  A hound zombie (D:10)
  A howler monkey skeleton (D:6)
  2 worker ant zombies (D:3)
  18 gnolls
  16 adders
  2 river rats (Sewer)
  5 shadow imps
  3 oozes (Sewer)
  2 adder zombies
  5 worms
  3 adder skeletons
  6 dart slugs
  A leopard gecko (D:2)
  37 orcs
  9 giant cockroaches
  5 goblins
  13 hobgoblins
  8 jackals
  2 quokkas (D:2)
  3 ball pythons (Sewer)
  9 bats
  12 frilled lizards
  26 kobolds
  A leopard gecko zombie (D:6)
  2 quokka skeletons
  8 rats
420 creatures vanquished.

Vanquished Creatures (others)
  A plant (D:2)
1 creature vanquished.

Grand Total: 421 creatures vanquished

Notes
Turn   | Place    | Note
-------+----------+-------------------------------------------
     0 | D:1      | troglodite the Demonspawn Berserker began the quest for the Orb.
     0 | D:1      | Reached XP level 1. HP: 18/18 MP: 1/1
   329 | D:1      | Gained mutation: You have a pair of small horns on your head. [demonic ancestry]
   329 | D:1      | Reached XP level 2. HP: 19/24 MP: 2/2
  1339 | D:2      | Reached XP level 3. HP: 29/29 MP: 3/3
  1419 | D:2      | Reached ** piety under Trog
  1457 | D:2      | Reached skill level 1 in Stealth
  1729 | D:2      | Found a deep blue altar of Sif Muna.
  1936 | D:2      | Gained mutation: You are partially covered in iridescent scales. (AC +2) [demonic ancestry]
  1936 | D:2      | Reached XP level 4. HP: 22/37 MP: 4/4
  2318 | D:2      | Reached skill level 4 in Fighting
  2896 | D:3      | Found a bloodstained altar of Trog.
  3044 | D:3      | Reached XP level 5. HP: 41/42 MP: 5/5
  3250 | D:3      | Reached *** piety under Trog
  3283 | D:3      | Found a blossoming altar of Fedhas.
  3399 | D:3      | Noticed a sky beast
  3411 | D:3      | Killed a sky beast
  3411 | D:3      | Reached XP level 6. HP: 25/49 MP: 6/6
  3788 | D:3      | Found a hazy altar of Hepliaklqana.
  3789 | D:3      | Found a burning altar of Makhleb.
  3945 | D:3      | Found a shimmering altar of Xom.
  4066 | D:4      | Found a sparkling altar of Nemelex Xobeh.
  4125 | D:4      | Noticed Ijyb
  4136 | D:4      | Reached skill level 5 in Fighting
  4140 | D:4      | Killed Ijyb
  4141 | D:4      | Reached skill level 5 in Long Blades
  4141 | D:4      | Gained mutation: You are immune to rotting. [demonic ancestry]
  4141 | D:4      | Reached XP level 7. HP: 56/56 MP: 7/7
  4143 | D:4      | Noticed Menkaure
  4150 | D:4      | Killed Menkaure
  4187 | D:4      | Noticed Blork the orc
  4195 | D:4      | Killed Blork the orc
  4195 | D:4      | Reached **** piety under Trog
  4271 | D:4      | Found an opulent altar of Gozag.
  4275 | D:4      | Noticed Duvessa
  4276 | D:4      | Noticed Dowan
  4281 | D:4      | Noticed Natasha
  4282 | D:4      | Killed Dowan
  4295 | D:4      | Killed Duvessa
  4297 | D:4      | Killed Natasha
  4339 | D:4      | Reached XP level 8. HP: 18/64 MP: 8/8
  4416 | D:4      | Found a glowing drain.
  4517 | Sewer    | Entered a sewer
  5094 | Sewer    | Reached skill level 6 in Fighting
  5094 | Sewer    | Reached skill level 1 in Short Blades
  5548 | D:4      | Noticed Natasha
  5556 | D:4      | Killed Natasha
  5596 | D:4      | Noticed Natasha
  5614 | D:4      | Killed Natasha
  5756 | D:4      | Found an ancient bone altar of Kikubaaqudgha.
  5831 | D:4      | Found Igobul's Magic Scroll Shop.
  5948 | D:5      | Entered Level 5 of the Dungeon
  6932 | D:6      | Gained mutation: You may emit foul miasma when damaged in melee. [demonic ancestry]
  6932 | D:6      | Reached XP level 9. HP: 63/71 MP: 7/9
  7028 | D:6      | Found a staircase to the Ecumenical Temple.
  7542 | D:6      | Reached ***** piety under Trog
  7880 | D:7      | Found an iron altar of Okawaru.
  7940 | D:7      | Reached skill level 7 in Fighting
  7982 | D:7      | Found a shattered altar of Ashenzari.
  8038 | D:7      | Reached skill level 5 in Armour
  8048 | D:7      | Received a gift from Trog
  8136 | D:7      | Found a basalt altar of Yredelemnul.
  8212 | D:7      | Noticed Edmund
  8234 | D:7      | Killed Edmund
  8480 | D:7      | Noticed Sigmund
  8485 | D:7      | Killed Sigmund
  8485 | D:7      | Reached skill level 5 in Dodging
  8522 | D:7      | Found Kumam's Distillery.
  8544 | D:7      | Noticed Curus's ghost (novice HOAK)
  8555 | D:7      | Killed Curus's ghost
  8809 | D:8      | Noticed a two-headed ogre
  8884 | D:8      | Reached XP level 10. HP: 79/80 MP: 10/10
  8940 | D:8      | Reached skill level 5 in Short Blades
  8944 | D:8      | Reached skill level 8 in Fighting
  8958 | D:8      | Noticed a two-headed ogre
  9338 | D:8      | Noticed a two-headed ogre
  9359 | D:8      | Killed a two-headed ogre
  9523 | D:8      | Noticed anp's ghost (novice GnTm)
  9550 | D:8      | Killed anp's ghost
  9641 | D:8      | Killed a two-headed ogre
  9641 | D:8      | Reached skill level 9 in Fighting
  9649 | D:8      | Killed a two-headed ogre
  9968 | D:8      | Gained mutation: You are mostly covered in iridescent scales. (AC +4) [demonic ancestry]
  9968 | D:8      | Reached XP level 11. HP: 58/89 MP: 9/11
 10473 | D:9      | Found a hide-covered altar of Uskayaw.
 10557 | D:9      | Found a shadowy altar of Dithmenos.
 10563 | D:9      | Found Asagh's Antique Armour Shoppe.
 11044 | D:10     | Entered Level 10 of the Dungeon
 11054 | D:10     | Received a gift from Trog
 11147 | D:10     | Noticed inc's ghost (novice FeEn)
 11148 | D:10     | Noticed a two-headed ogre
 11172 | D:10     | Killed a two-headed ogre
 11172 | D:10     | Reached skill level 1 in Shields
 11181 | D:10     | Killed inc's ghost
 11689 | D:10     | Reached skill level 10 in Fighting
 12041 | D:11     | Noticed an orange crystal statue
 12564 | D:11     | Killed an orange crystal statue
 12716 | D:11     | Found a staircase to the Orcish Mines.
 12803 | D:11     | Reached skill level 5 in Stealth
 13043 | D:11     | Found a staircase to the Lair.
 13290 | D:12     | You fall through a shaft for 2 floors!
 13317 | D:14     | Noticed a centaur warrior
 13339 | D:14     | Killed a centaur warrior
 13379 | D:13     | Noticed a centaur warrior
 13380 | D:13     | Killed a centaur warrior
 13380 | D:13     | Reached XP level 12. HP: 98/98 MP: 12/12
 13527 | D:12     | Noticed Nessos
 13538 | D:12     | Killed Nessos
 13738 | D:12     | Found a deep blue altar of Sif Muna.
 14206 | D:12     | Noticed a two-headed ogre
 14212 | D:12     | Killed a two-headed ogre
 14212 | D:12     | Reached skill level 11 in Fighting
 14394 | D:12     | Noticed Josephine
 14408 | D:12     | Killed Josephine
 14848 | D:13     | Noticed Urug
 14871 | D:13     | Killed Urug
 14871 | D:13     | Reached skill level 5 in Shields
 14934 | D:13     | Noticed a centaur warrior
 14951 | D:13     | Killed a centaur warrior
 15393 | D:14     | Noticed Azrael
 15434 | D:13     | Killed from afar by Azrael

Skill      XL: |  1  2  3  4  5  6  7  8  9 10 11 12 |
---------------+-------------------------------------+-----
Dodging        | 2 3 4 5 6 7 |  7.7
Long Blades    | 3 4 5 6 |  6.5
Stealth        | 1 2 3 4 5 6 |  6.0
Fighting       | 4 5 6 7 9 10 11 | 11.5
Armour         | 2 3 4 5 6 7 |  7.8
Short Blades   | 3 4 6 8 9 |  9.7
Shields        | 3 5 |  5.5

Action                   |  1- 3 |  4- 6 |  7- 9 | 10-12 || total
-------------------------+-------+-------+-------+-------++-------
Melee: Falchion          |   118 |   169 |    59 |       ||   346
       Headbutt          |    18 |    45 |   173 |   257 ||   493
       Dagger            |       |       |   538 |       ||   538
       Short sword       |       |       |    62 |  1019 ||  1081
Invok: Berserk           |     1 |     3 |    11 |    21 ||    36
       Burn Spellbooks   |       |       |     1 |     3 ||     4
       Trog's Hand       |       |       |     1 |       ||     1
       Brothers in Arms  |       |       |       |     1 ||     1
  Use: Scroll            |       |     8 |     3 |    14 ||    25
       Potion            |       |       |     3 |       ||     3
 Stab: Sleeping          |     2 |     3 |     9 |    17 ||    31
       Distracted        |       |       |     1 |     5 ||     6
  Eat: Chunk             |     4 |     6 |    23 |    33 ||    66
       Ration            |       |     1 |     4 |     7 ||    12
Armor: Animal skin       |    19 |    10 |       |       ||    29
       Ring mail         |       |    64 |   173 |   331 ||   568
Dodge: Dodged            |    67 |   116 |   375 |   709 ||  1267
Block: Buckler           |       |       |       |   176 ||   176
       Rpst.: Falchion   |    23 |    44 |     9 |       ||    76
